 Dungeon Crawl Stone Soup version 0.29-a0-581-ge9a90b782e (webtiles) character file.

Game seed: 6101759975884989056

337 KristoblXynda the Slasher (level 6, 0/51 HPs)
             Began as a Minotaur Gladiator on June 14, 2022.
             Was a Follower of Okawaru.
             Killed by divine providence
             ... invoked by an orc priest
              (14 damage)
             ... on level 5 of the Dungeon.
             The game lasted 00:03:46 (4321 turns).

KristoblXynda the Slasher (Minotaur Gladiator)      Turns: 4321, Time: 00:03:47

Health: 0/51       AC:  5    Str: 21    XL:     6   Next: 28%
Magic:  5/5        EV: 11    Int:  5    God:    Okawaru [*.....]
Gold:   261        SH:  4    Dex: 11    Spells: 5/5 levels left

rFire   . . .      SeeInvis .   a - +0 long sword
rCold   . . .      Faith    .   v - +0 buckler
rNeg    . . .      Spirit   .   x - +0 ring mail
rPois   .          Reflect  .   c - +0 hat
rElec   .          Harm     .   (no cloak)
rCorr   .          Rampage  .   (no gloves)
Will    .....                   (no boots)
Stlth   +.........              (no amulet)
HPRegen 0.17/turn               (no ring)
MPRegen 0.09/turn               (no ring)

@: no status effects
A: horns 2, retaliatory headbutt
a: Renounce Religion, Heroism


You were on level 5 of the Dungeon.
You worshipped Okawaru.
Okawaru was aware of your devotion.
You visited 1 branch of the dungeon, and saw 5 of its levels.

You collected 261 gold pieces.

Inventory:

Hand Weapons
 a - a +0 long sword (weapon)
Missiles
 d - 3 throwing nets
 e - 2 javelins (quivered)
 j - 5 silver javelins
Armour
 c - a +0 hat (worn)
 v - a +0 buckler (worn)
 x - a +0 ring mail (worn)
Jewellery
 o - a ring of resist corrosion
Scrolls
 f - 4 scrolls of teleportation
 h - 2 scrolls of immolation {unknown}
 i - a scroll of silence {unknown}
 k - a scroll of acquirement {unknown}
 n - a scroll of blinking {unknown}
 p - a scroll of enchant weapon {unknown}
 t - a scroll of noise {unknown}
 y - a scroll of enchant armour {unknown}
Potions
 g - 2 potions of brilliance
 l - 4 potions of curing
 m - a potion of magic {unknown}
 q - a potion of flight {unknown}
 r - a potion of degeneration {unknown}
 s - a potion of might {unknown}
 u - a potion of invisibility {unknown}
 w - a potion of berserk rage {unknown}


   Skills:
 - Level 3.1 Fighting
 + Level 5.0 Long Blades
 + Level 3.4 Throwing
 + Level 2.9 Armour
 + Level 4.5 Dodging
 + Level 2.4 Shields


You had 5 spell levels left.
You didn't know any spells.
Your spell library contained the following spells:

 Spells                   Type           Power      Damage    Failure   Level
 Confusing Touch          Hex            0%         N/A       98%         3
 Yara's Violent Unravell  Hex/Tmut       0%         3d3       100%        5
 Enfeeble                 Hex            0%         N/A       100%        7


Dungeon Overview and Level Annotations

Branches:
Dungeon (5/15)
 Temple: D:4-7

Altars:
Okawaru
Wu Jian

Shops:
D:1 [


Innate Abilities, Weirdness & Mutations

You have a pair of horns on your head.
You reflexively headbutt those who attack you in melee.


Message History

You start resting.
An orc comes into view. It is wielding a +0 short sword.
An orc is nearby!
Throw: 4 javelins
Press: ? - help, Q - select action, (/) - cycle Shift-Dir - straight line, f - orc
Aim: an orc, wielding a +0 short sword (wandering, hasn't noticed you, 57% to hit)
You throw a javelin. The orc shouts!
The javelin pierces through the orc.
The orc is severely wounded.
You see here 2 javelins.
e - 5 javelins (gained 2)
An orc priest comes into view. It is wielding a +0 short sword.
The orc priest shouts!
The orc priest calls upon Beogh to heal something.
Throw: 5 javelins
Press: ? - help, Q - select action, (/) - cycle Shift-Dir - straight line, f - orc
Aim: an orc, wielding a +0 whip (57% to hit)
You throw a javelin. The javelin pierces through the orc.
The orc is heavily wounded.
Unknown command.
Throw: 4 javelins
Press: ? - help, Q - select action, (/) - cycle Shift-Dir - straight line, f - orc priest, p - orc
Aim: an orc priest, wielding a +0 short sword (57% to hit)
You throw a javelin. The javelin barely misses the orc.
The javelin completely misses the orc priest.
Unknown command.
Throw: 3 javelins
Press: ? - help, Q - select action, (/) - cycle Shift-Dir - straight line, f/p - orc priest
Aim: an orc priest, wielding a +0 short sword (57% to hit)
You throw a javelin. The javelin barely misses the orc.
The javelin pierces through the orc priest!
The orc priest is severely wounded.
The orc completely misses you. You block the orc's attack.
Unknown command.
The orc attacks as you move away! The orc barely misses you. x2
You furiously retaliate!
You headbutt the orc.
The orc priest mumbles some strange prayers to Beogh against you.
Beogh smites you!
You die...

. .... #......#
#....#......##
#....####....#
#.......#....#
#.......#....# #....
#.#....###
##....##)##.)...#
..........#.)...#
........@o#.....#
..........o.....#######
......#####...........#
#######.....o...(.....#
............(......#
...................#
.............(.....#
...................#
.........<...o.....#


You could see an orc priest and 2 orcs.

Vanquished Creatures
  A centaur (D:5)
  A hound (D:4)
  An iguana (D:5)
  2 orc wizards
  7 adders
  2 dart slugs
  10 orcs
  15 ball pythons
  9 endoplasms
  3 giant cockroaches
  5 goblins
  7 hobgoblins
  A quokka (D:4)
  3 bats
  4 frilled lizards
  9 kobolds
  2 rats
82 creatures vanquished.

Notes
Turn   | Place    | Note
-------+----------+-------------------------------------------
     0 | D:1      | KristoblXynda the Minotaur Gladiator began the quest for
                  | the Orb.
     0 | D:1      | Reached XP level 1. HP: 18/18 MP: 0/0
   398 | D:1      | Reached XP level 2. HP: 25/25 MP: 1/1
   588 | D:1      | Found a faded altar of an unknown god.
   688 | D:1      | Reached skill level 4 in Long Blades
   808 | D:1      | Found Zuggas's Antique Armour Shop.
  1072 | D:2      | Reached XP level 3. HP: 27/31 MP: 2/2
  1576 | D:2      | Reached skill level 1 in Armour
  2022 | D:3      | Found a large runed translucent door.
  2022 | D:3      | Found a large runed translucent door.
  2780 | D:3      | Found an iron altar of Okawaru.
  2786 | D:3      | Became a worshipper of Warmaster Okawaru
  2791 | D:3      | Found an ornate altar of the Wu Jian Council.
  2831 | D:4      | Reached XP level 4. HP: 27/38 MP: 3/3
  2901 | D:4      | Reached skill level 1 in Shields
  2938 | D:4      | Reached XP level 5. HP: 27/45 MP: 4/4
  4025 | D:5      | Entered Level 5 of the Dungeon
  4066 | D:5      | Noticed a centaur
  4072 | D:5      | Killed a centaur
  4073 | D:5      | Reached XP level 6. HP: 18/51 MP: 5/5
  4291 | D:5      | Reached * piety under Okawaru
  4292 | D:5      | Reached skill level 5 in Long Blades
  4321 | D:5      | Killed from afar by an orc priest

Illustrated notes

Levels and vault maps discovered:
D:1:      tarquinn_simple_flora_water_a, layout_rooms,
          nicolae_ecumenical_snake_handling, serial_shops,
          nicolae_shop_hallway_plus, wad_floor_pattern_2,
          minmay_shallow_snake_nest
D:2:      layout_basic, minmay_tetromino_o2
D:3:      layout_basic, jmf_multi_god_temple2, kennysheep_flooded_box,
          minmay_liquid_box
D:4:      minmay_diamond_boxcup, layout_rooms
D:5:      layout_gridville, ashenzari_altar_1, temple_fountains, uniq_duvessa

Skill      XL: |  1  2  3  4  5  6 |
---------------+-------------------+-----
Long Blades    | 4 5 |  5.0
Fighting       | 3 |  3.1
Armour         | 1 2 |  2.9
Dodging        | 4 |  4.5
Shields        | 1 2 |  2.4
Throwing       | 3 |  3.4

Action                   |  1- 3 |  4- 6 || total
-------------------------+-------+-------++-------
Melee: Long sword        |    77 |   103 ||   180
       Headbutt          |     5 |    13 ||    18
       Punch             |     1 |       ||     1
Throw: Javelin           |       |    11 ||    11
  Use: Scroll            |     2 |     2 ||     4
Armor: Leather armour    |    15 |       ||    15
       Ring mail         |     8 |    29 ||    37
Dodge: Dodged            |    49 |    63 ||   112
Block: Buckler           |     1 |    27 ||    28

Table legend: (Time is in decaauts)
 A = Elapsed time spent in this place.
 B = Non-inter-level travel time spent in this place.
 C = Inter-level travel time spent in this place.
 D = Time resting spent in this place.
 E = Time spent auto-exploring this place.
 F = Levels seen in this place.
 G = Mean time per level.
                   A        B        C        D        E       F      G
               +--------+--------+--------+--------+--------+-----+--------+
         Total |   4363 |   4280 |     83 |    641 |   3073 |   5 |  872.6 |
       Dungeon |   4363 |   4280 |     83 |    641 |   3073 |   5 |  872.6 |
               +--------+--------+--------+--------+--------+-----+--------+

Top non-repeatable levels by time:
     D:4: 1222 daAuts
     D:2: 1025 daAuts
     D:3: 930 daAuts
     D:1: 881 daAuts
     D:5: 303 daAuts
